 Dungeon Crawl Stone Soup version 0.28-a0-622-gbaef9634d7 (webtiles) character file.

Game seed: 10264577101822610769

319 sleeves the Slasher (level 6, 0/47 HPs)
             Began as a Demonspawn Fighter on Oct 7, 2021.
             Slain by a scorpion (7 damage)
             ... on level 5 of the Dungeon.
             The game lasted 00:03:51 (4116 turns).

sleeves the Slasher (Demonspawn Fighter)            Turns: 4116, Time: 00:03:51

Health: 0/47       AC:  7    Str: 18    XL:     6   Next: 21%
Magic:  15/15      EV:  9    Int: 10    God:
Gold:   204        SH:  5    Dex: 12    Spells: 5/5 levels left

rFire   . . .      SeeInvis .   s - +4 falchion "Merhigus" {venom, rN++}
rCold   . . .      Faith    .   c - +0 buckler
rNeg    + + .      Spirit   .   b - +0 scale mail
rPois   .          Reflect  .   (helmet restricted)
rElec   .          Harm     .   q - +0 cloak
rCorr   .          Rampage  .   (no gloves)
Will    .....                   (no boots)
Stlth   ..........              (no amulet)
HPRegen 0.15/turn               e - ring of magical power
MPRegen 0.14/turn               (no ring)

@: lethally poisoned (0 -> -4), flying
A: horns 2, demonic guardian 1, demonic magic 1, sense surroundings 1, wild
magic 1
a: no special abilities


You were on level 5 of the Dungeon.
You visited 1 branch of the dungeon, and saw 5 of its levels.

You collected 204 gold pieces.

Inventory:

Hand Weapons
 a - the +12 spear of Light {freeze, Str+5 Dex+3}
   (You found it on level 5 of the Dungeon)

   It freezes those it strikes, dealing additional cold damage.
   It can also slow down cold-blooded creatures.
   Str:       It affects your strength (+5).
   Dex:       It affects your dexterity (+3).
 s - the +4 falchion "Merhigus" (weapon) {venom, rN++}
   (You found it on level 4 of the Dungeon)

   It poisons the flesh of those it strikes.
   rN:        It greatly protects you from negative energy.
Armour
 b - a +0 scale mail (worn)
 c - a +0 buckler (worn)
 q - a +0 cloak (worn)
   (You found it on level 4 of the Dungeon)
Jewellery
 e - a ring of magical power (left hand)
   (You found it on level 1 of the Dungeon)
 l - an amulet of regeneration
   (You took it off a hobgoblin on level 2 of the Dungeon)
 n - an amulet of reflection
   (You found it on level 3 of the Dungeon)
Scrolls
 h - 2 scrolls of fog {unknown}
 i - a scroll of noise {unknown}
 m - a scroll of teleportation {unknown}
 o - 4 scrolls of identify {unknown}
 t - a scroll of magic mapping {unknown}
Potions
 d - 2 potions of might
 f - 2 potions of heal wounds {unknown}
 g - a potion of mutation
 j - a potion of attraction {unknown}
 k - a potion of curing {unknown}
 p - a potion of brilliance {unknown}
 r - 2 potions of flight


   Skills:
 - Level 3.0 Fighting
 + Level 5.3 Long Blades
 - Level 2.6 Armour
 + Level 3.9 Shields


You had 5 spell levels left.
You didn't know any spells.
Your spell library contained the following spells:

 Spells                   Type           Power      Damage    Failure   Level
 Animate Skeleton         Necr           0%         N/A       83%         1
 Apportation              Tloc           0%         N/A       83%         1
 Summon Small Mammal      Summ           0%         N/A       83%         1


Dungeon Overview and Level Annotations

Branches:
Dungeon (5/15)
 Temple: D:4-7

Altars:
Gozag

Shops:
D:3 !   D:4 *

Annotations:
D:5 3 runed translucent doors


Innate Abilities, Weirdness & Mutations

You have a pair of horns on your head.
A weak demonic guardian rushes to your aid.
Spells you cast may paralyse adjacent enemies.
You passively map a small area around you.
Your spells are a little harder to cast, but a little more powerful.


Message History

A ball python is nearby!
A ball python is nearby!
A frilled lizard comes into view.
Found an escape hatch in the ceiling.
You hit the ball python but do no damage.
The ball python bites you. You block the ball python's attack.
The ball python bites you but does no damage.
The ball python closely misses you.
You closely miss the ball python.
The ball python bites you but does no damage.
The ball python grabs you. The ball python constricts you.
You slash the ball python!
You kill the ball python!
The frilled lizard hisses.
The frilled lizard bites you but does no damage.
You see here a ball python corpse.
You slash the frilled lizard!
You kill the frilled lizard!
No target in view!
No target in view!
No target in view!
You see here a frilled lizard corpse.
A kobold comes into view. It is wielding a +2 dagger of venom.
A kobold is nearby!
A kobold is nearby!
Found a stone staircase leading up.
The kobold misses you.
You hit the kobold.
You kill the kobold!
No target in view!
No target in view!
No target in view!
No target in view!
No target in view!
No target in view!
No target in view!
Things that are here:
a +2 dagger of venom; a kobold corpse
Found a shiny barding.
A bat comes into view.
You barely miss the bat. The bat closely misses you. The bat hits you.
You hit the bat.
You kill the bat!
No target in view!
No target in view!
No target in view!
No target in view!
No target in view!
A goblin comes into view. It is wielding a +0 club.
The goblin shouts!
Things that are here:
a +2 dagger of venom; a kobold corpse
m - a +2 dagger of venom Your +2 dagger of venom begins to drip with poison!
m - a +2 dagger of venom (weapon)
A goblin comes into view. It is wielding a +0 dagger.
The goblin shouts!
A dart slug comes into view.
The goblin barely misses you.
You hit the goblin.
The goblin is poisoned.
The goblin is moderately wounded.
The goblin hits you but does no damage.
You hit the goblin.
You kill the goblin!
The dart slug launches a dart at you.
The slug dart hits you but does no damage.
The goblin hits you but does no damage.
Things that are here:
a +0 club; a goblin corpse You hit the goblin.
The goblin is poisoned.
The goblin is severely wounded.
The goblin hits you with a +0 dagger.
You hit the goblin.
You kill the goblin!
The dart slug launches a dart at you.
The slug dart hits you but does no damage.
Things that are here:
a +0 dagger; a goblin corpse You hit the dart slug.
The dart slug is poisoned.
You headbutt the dart slug, but do no damage.
The dart slug is lightly wounded.
You hit the dart slug but do no damage.
The dart slug looks as sick as possible!
The dart slug is moderately wounded.
The dart slug closely misses you.
You hit the dart slug.
The dart slug looks as sick as possible!
The dart slug is almost dead.
You hit the dart slug.
You kill the dart slug!
No target in view!
No target in view!
No target in view!
No target in view!
No target in view!
No target in view!
No target in view!
No target in view!
No target in view!
No target in view!
No target in view!
No target in view!
No target in view!
Things that are here:
a +0 club; a goblin corpse
Things that are here:
a +0 dagger; a goblin corpse
Found a stone staircase leading down.
There is an open door here.
Done exploring.
Done exploring.
Done exploring.
Done exploring.
No target in view!
No target in view!
No target in view!
(D) Dungeon
Where to? (Enter - D:2, ? - help)
You see here a dart slug corpse.
There is an open door here.
There is a stone staircase leading down here.
You climb downwards.
Found a stone staircase leading down.
There is a stone staircase leading up here.
Found a stone staircase leading up.
No target in view!
No target in view!
No target in view!
No target in view!
No target in view!
No target in view!
No target in view!
No target in view!
No target in view!
A quokka comes into view.
A quokka is nearby!
The quokka bites you but does no damage.
You hit the quokka.
The quokka is poisoned.
The quokka is moderately wounded.
You block the quokka's attack.
You hit the quokka.
The quokka looks as sick as possible!
Your headbutt misses the quokka.
The quokka is almost dead.
You kill the quokka!
No target in view!
No target in view!
No target in view!
No target in view!
No target in view!
No target in view!
No target in view!
No target in view!
No target in view!
Found Kumm's Distillery.
A bat comes into view.
The bat hits you but does no damage.
A bat is nearby!
You closely miss the bat. You block the bat's attack.
The bat barely misses you. The bat barely misses you.
You hit the bat. Your headbutt misses the bat.
The bat is moderately wounded.
The bat hits you but does no damage.
You hit the bat.
You kill the bat!
No target in view!
No target in view!
No target in view!
No target in view!
No target in view!
You see here a bat corpse.
There is an entrance to Kumm's Distillery here.
You can access your shopping list by pressing '$'.
A gnoll comes into view. It is wielding a +0 club.
The gnoll shouts!
A gnoll is nearby!
A gnoll is nearby!
A gnoll is nearby!
A gnoll is nearby!
A gnoll comes into view. It is wielding a +0 spear.
A gnoll comes into view. It is wielding a +0 club.
The gnoll shouts!
The gnoll barely misses you.
You hit the gnoll.
The gnoll is lightly wounded.
The gnoll hits you with a +0 club.
A rat comes into view.
You hit the gnoll but do no damage.
The gnoll is poisoned.
The gnoll is lightly wounded.
The gnoll hits you with a +0 club.
You closely miss the gnoll.
The gnoll is moderately wounded.
You block the gnoll's attack. The gnoll hits you but does no damage.
You hit the gnoll.
The gnoll is severely wounded.
The gnoll closely misses you. The gnoll hits you but does no damage.
You kill the gnoll!
The gnoll completely misses you. The gnoll hits you but does no damage.
A gnoll comes into view. It is wielding a +0 spear.
The gnoll hits you with a +0 spear.
The gnoll shouts!
You hit the gnoll.
The gnoll is poisoned.
You headbutt the gnoll.
The gnoll is heavily wounded.
You barely miss the gnoll.
The gnoll is heavily wounded.
The gnoll hits you with a +0 spear. You block the gnoll's attack.
You hit the rat but do no damage.
The rat is poisoned.
You kill the rat!
The gnoll hits you but does no damage.
You barely miss the gnoll. The gnoll barely misses you.
The gnoll hits you but does no damage. The gnoll hits you but does no damage.
You kill the gnoll!
You have reached level 4!
You feel stronger.
Your demonic ancestry asserts itself...
A menacing aura infuses your magic.
You hit the gnoll.
The gnoll is poisoned.
The gnoll is lightly wounded.
The gnoll hits you with a +0 club.
You hit the gnoll.
The gnoll looks as sick as possible!
The gnoll is moderately wounded.
The gnoll hits you from afar with a +0 spear.
The gnoll hits you with a +0 club.
Your shield prevents you from hitting the gnoll.
The gnoll is severely wounded.
You kill the gnoll!
You block the gnoll's attack.
Your Long Blades skill increases to level 4!
You block the gnoll's attack.
You see here a +0 club.
You hit the gnoll.
The gnoll is poisoned.
The gnoll is lightly wounded.
The gnoll hits you with a +0 spear!
* * * LOW HITPOINT WARNING * * *
You completely miss the gnoll.
The gnoll is lightly wounded.
The gnoll hits you with a +0 spear.
* * * LOW HITPOINT WARNING * * *
You hit the gnoll.
The gnoll looks as sick as possible!
The gnoll is heavily wounded.
The gnoll barely misses you.
You kill the gnoll!
An endoplasm comes into view.
An endoplasm is nearby!
An endoplasm is nearby!
An endoplasm is nearby!
There is a stone staircase leading up here.
You climb upwards.
There is a stone staircase leading down here.
You start resting.
HP restored.
You climb downwards.
The endoplasm quivers.
There is a stone staircase leading up here.
An endoplasm is nearby!
An endoplasm is nearby!
An endoplasm is nearby!
You hit the endoplasm.
The endoplasm is moderately wounded.
You hit the endoplasm.
The endoplasm is severely wounded.
The endoplasm freezes you.
You are frozen.
You hit the endoplasm.
You kill the endoplasm!
No target in view!
No target in view!
No target in view!
No target in view!
HP restored.
You see here a +0 club.
Things that are here:
a +0 spear; a gnoll skeleton You see here a +0 spear.
An adder comes into view.
The adder hisses angrily.
An adder is nearby!
An adder is nearby!
You closely miss the adder. The adder bites you.
You are poisoned.
The adder poisons you!
You miss the adder. Your headbutt misses the adder.
You feel sick. You block the adder's attack.
You closely miss the adder. Your headbutt misses the adder.
You feel sick. The adder bites you.
You hit the adder.
The adder is poisoned.
You headbutt the adder, but do no damage.
The adder is heavily wounded.
You feel sick. The adder bites you.
You are more poisoned.
The adder poisons you! The adder bites you but does no damage.
You barely miss the adder.
The adder is heavily wounded.
You feel sick. The adder barely misses you.
You miss the adder. Your headbutt misses the adder.
The adder is moderately wounded.
You feel sick. The adder bites you.
You are too injured to fight recklessly!
You are too injured to fight recklessly!
You are too injured to fight recklessly!
You are too injured to fight recklessly!
An adder is nearby!
An adder is nearby!
You feel sick.
You feel sick. The adder bites you.
* * * LOW HITPOINT WARNING * * *
You feel sick.
You feel sick.
You feel sick.
You feel sick.
You are no longer poisoned.
You block the adder's attack. The adder bites you.
* * * LOW HITPOINT WARNING * * *
You see here a +0 spear.
The adder bites you but does no damage.
You kill the adder!
You see here a +0 club.
There is a stone staircase leading up here.
You start resting.
HP restored.
A worm comes into view.
Found a stone staircase leading down.
A worm is nearby!
A worm is nearby!
The worm completely misses you.
You hit the worm.
The worm is poisoned.
Your headbutt misses the worm.
The worm is lightly wounded.
Your scale mail prevents you from hitting the worm.
You headbutt the worm, but do no damage.
The worm is lightly wounded.
The worm bites you.
You hit the worm. You headbutt the worm.
The worm is heavily wounded.
The worm barely misses you.
You hit the worm but do no damage.
The worm looks as sick as possible!
The worm is heavily wounded.
You hit the worm.
The worm looks as sick as possible!
You headbutt the worm!
You kill the worm!
No target in view!
No target in view!
No target in view!
No target in view!
No target in view!
No target in view!
No target in view!
No target in view!
You see here a worm corpse.
A frilled lizard comes into view.
A frilled lizard is nearby!
A frilled lizard is nearby!
A frilled lizard is nearby!
You closely miss the frilled lizard.
Your headbutt misses the frilled lizard.
You block the frilled lizard's attack.
You closely miss the frilled lizard.
The frilled lizard bites you but does no damage.
You hit the frilled lizard.
You kill the frilled lizard!
No target in view!
No target in view!
No target in view!
No target in view!
No target in view!
No target in view!
An orc comes into view. It is wielding a +0 flail.
The orc shouts!
An orc is nearby!
An orc is nearby!
You block the orc's attack.
You closely miss the orc. You headbutt the orc.
The orc is almost dead.
The orc barely misses you.
You barely miss the orc.
The orc is almost dead.
You block the orc's attack.
You hit the orc.
You kill the orc!
No target in view!
No target in view!
No target in view!
No target in view!
You see here a frilled lizard corpse.
Found a dagger.
Found 16 stones.
Found 25 stones.
No target in view!
No target in view!
No target in view!
No target in view!
No target in view!
No target in view!
No target in view!
No target in view!
Found a stone staircase leading up.
n - an amulet of reflection
Found 9 arrows.
No target in view!
No target in view!
A kobold comes into view. It is wielding a +0 dagger.
A kobold is nearby!
A kobold is nearby!
The kobold hits you but does no damage.
You hit the kobold.
The kobold is severely wounded.
You hit the kobold.
You kill the kobold!
No target in view!
No target in view!
No target in view!
No target in view!
No target in view!
No target in view!
No target in view!
No target in view!
No target in view!
Things that are here:
a +0 dagger; a kobold corpse
o - a scroll labelled ASCHERCH RA DOH You see here 9 arrows.
You now have 145 gold pieces (gained 9).
You see here a worm corpse.
Found a flail.
Found a stone staircase leading down.
No target in view!
No target in view!
No target in view!
No target in view!
No target in view!
No target in view!
No target in view!
No target in view!
No target in view!
No target in view!
A giant cockroach comes into view.
A giant cockroach is nearby!
A giant cockroach is nearby!
A bat comes into view.
The bat hits you but does no damage.
Your scale mail prevents you from hitting the bat.
You headbutt the bat.
The bat is moderately wounded.
The bat closely misses you. The giant cockroach barely misses you.
You hit the bat.
You kill the bat!
The giant cockroach closely misses you.
You barely miss the giant cockroach.
The giant cockroach bites you but does no damage.
You hit the giant cockroach.
The giant cockroach is poisoned.
The giant cockroach is moderately wounded.
The giant cockroach barely misses you.
You hit the giant cockroach but do no damage.
The giant cockroach looks even sicker.
The giant cockroach is heavily wounded.
You kill the giant cockroach!
No target in view!
No target in view!
No target in view!
No target in view!
There is a stone staircase leading down here.
You pick up a book of Cantrips and begin reading...
You add the spells Animate Skeleton, Summon Small Mammal and Apportation to your library.
You open the door.
A ball python and 2 rats come into view.
The ball python hisses angrily.
You hear a shout!
A kobold comes into view. It is wielding a +0 club.
The ball python moves out of view.
Found a flail.
There are monsters nearby!
You hit the rat.
You kill the rat!
A giant cockroach comes into view.
Found a scroll labelled ASCHERCH RA DOH and a glowing green potion.
The kobold hits you with a +0 club.
A ball python comes into view.
There is an open door here.
You see here a rat corpse.
The ball python hisses angrily.
You hit the kobold.
You kill the kobold!
The giant cockroach bites you but does no damage.
You hit the giant cockroach but do no damage.
The giant cockroach is poisoned.
The giant cockroach bites you but does no damage.
You hit the giant cockroach.
You kill the giant cockroach!
You barely miss the rat. You block the rat's attack.
Your scale mail prevents you from hitting the rat.
The rat bites you.
You hit the rat.
The rat is poisoned.
The rat is heavily wounded.
The rat barely misses you.
You closely miss the rat.
The rat is heavily wounded.
The rat bites you but does no damage.
You hit the rat.
You kill the rat!
You hit the ball python.
The ball python is poisoned.
The ball python is moderately wounded.
The ball python bites you but does no damage.
The ball python closely misses you.
You hit the ball python.
The ball python is severely wounded.
You block the ball python's attack. The ball python grabs you.
The ball python constricts you.
You hit the ball python.
You kill the ball python! x2
No target in view!
No target in view!
No target in view!
No target in view!
No target in view!
No target in view!
No target in view!
No target in view!
No target in view!
No target in view!
Okay, then.
You see here a ball python corpse.
Items here: ) †††.
o - 2 scrolls labelled ASCHERCH RA DOH (gained 1)
You now have 148 gold pieces (gained 3).
p - a glowing green potion
o - 3 scrolls labelled ASCHERCH RA DOH (gained 1)
Items here: ) †††.
There is an open door here.
You see here a rat corpse.
There is a stone staircase leading up here.
You see here a +0 flail.
There is a stone staircase leading down here.
There is a stone staircase leading down here.
You see here a +0 flail.
Done exploring.
Done exploring.
Done exploring.
(D) Dungeon
Where to? (Enter - D:3, ? - help)
You see here a +0 flail.
There is a stone staircase leading down here.
You climb downwards.
The kobold shouts!
Found Osoposuw's Lightly-Used Armoury.
There is a stone staircase leading up here.
There are monsters nearby!
There are monsters nearby!
There are monsters nearby!
There are monsters nearby!
The hound skeleton bites you.
You hit the hound skeleton.
The hound skeleton is lightly damaged.
The hound skeleton bites you but does no damage.
You hit the hound skeleton. You headbutt the hound skeleton.
The hound skeleton is moderately damaged.
You block the hound skeleton's attack. The kobold hits you with a +0 whip.
You barely miss the hound skeleton. You headbutt the hound skeleton.
The hound skeleton is heavily damaged.
The hound skeleton bites you but does no damage.
The kobold barely misses you.
You hit the hound skeleton.
The hound skeleton is heavily damaged.
The hound skeleton bites you. The goblin hits you with a +0 club.
You block the kobold's attack.
The hound skeleton bites you but does no damage.
You hit the hound skeleton.
Your headbutt misses the hound skeleton.
The hound skeleton is severely damaged.
The goblin barely misses you. The kobold hits you but does no damage.
You block the hound skeleton's attack.
You hit the hound skeleton.
You destroy the hound skeleton!
The goblin hits you but does no damage. The kobold closely misses you.
You hit the goblin.
The goblin is poisoned.
The goblin is heavily wounded.
You kill the goblin!
The kobold hits you but does no damage.
You hit the kobold.
You kill the kobold!
No target in view!
No target in view!
No target in view!
No target in view!
No target in view!
No target in view!
No target in view!
No target in view!
No target in view!
No target in view!
No target in view!
No target in view!
No target in view!
No target in view!
No target in view!
No target in view!
HP restored.
Things that are here:
a +0 whip; a stone
There is an entrance to Osoposuw's Lightly-Used Armoury here.
You can access your shopping list by pressing '$'.
Found 10 poisoned darts.
Found a stone staircase leading up.
You see here 10 poisoned darts.
q - a +0 cloak You now have 151 gold pieces (gained 3).
Found 12 stones.
Found a stone staircase leading down.
No target in view!
Found an escape hatch in the ceiling.
You now have 169 gold pieces (gained 18).
Found 15 arrows.
Found a stone staircase leading up.
No target in view!
No target in view!
Found a stone staircase leading down.
An orc comes into view. It is wielding a +0 hand axe.
The orc shouts!
An orc is nearby!
An orc is nearby!
Found a falchion.
Found a robe.
Found a hunting sling.
The orc hits you with a +0 hand axe.
You hit the orc.
The orc is poisoned.
You headbutt the orc.
The orc is moderately wounded.
You hit the orc.
You kill the orc!
No target in view!
No target in view!
No target in view!
No target in view!
No target in view!
No target in view!
No target in view!
Things that are here:
a +0 hand axe; an orc corpse
r - 2 fizzy pink potions You see here a +0 falchion.
o - 4 scrolls labelled ASCHERCH RA DOH (gained 1)
You see here a +0 robe.
An orc comes into view. It is wielding a +0 trident.
The orc shouts!
An orc is nearby!
A quokka comes into view.
The orc closely misses you.
An endoplasm comes into view.
You barely miss the orc. You headbutt the orc.
The orc is heavily wounded.
You block the orc's attack.
You closely miss the orc. You headbutt the orc.
You kill the orc!
You hit the quokka.
The quokka is poisoned.
You headbutt the quokka, but do no damage.
The quokka is heavily wounded.
You kill the quokka!
The endoplasm hits you but does no damage.
You see here a +0 trident.
You barely miss the endoplasm.
The endoplasm hits you but does no damage.
You hit the endoplasm. You headbutt the endoplasm.
You kill the endoplasm!
You have reached level 5!
Your demonic ancestry asserts itself...
You feel the presence of a demonic guardian.
Found a stone staircase leading down.
Found a hunting sling.
You see here a +0 hunting sling.
Found 4 poisoned darts.
A hobgoblin comes into view.
The hobgoblin shouts!
A hobgoblin is nearby!
The hobgoblin hits you but does no damage.
You hit the hobgoblin.
The hobgoblin is poisoned.
The hobgoblin is moderately wounded.
The hobgoblin hits you.
You hit the hobgoblin.
The hobgoblin looks as sick as possible!
The hobgoblin is severely wounded.
You kill the hobgoblin!
No target in view!
No target in view!
No target in view!
You see here a hobgoblin corpse.
Found 28 stones.
An orc comes into view. It is wielding a +0 hand axe.
The orc shouts!
The orc moves out of view.
An orc priest comes into view.
It is wielding a +0 dagger and wearing a +1 leather armour of poison resistance.
An orc priest is nearby!
An orc comes into view. It is wielding a +0 dagger.
Found 17 stones.
The orc shouts!
The orc priest shouts!
The orc priest casts a cantrip, but nothing happens.
You hit the orc.
The orc is poisoned.
The orc is heavily wounded.
The orc hits you with a +0 dagger.
You closely miss the orc.
The orc is almost dead.
The orc barely misses you.
You hit the orc.
You kill the orc!
Your Shields skill increases to level 3!
The orc closely misses you.
Things that are here:
a +0 dagger; an orc corpse You hit the orc.
The orc is poisoned.
The orc is moderately wounded.
You hit the orc priest but do no damage.
The orc hits you with a +0 hand axe. The orc priest barely misses you.
You hit the orc priest. Your headbutt misses the orc priest.
The orc priest is moderately wounded.
The orc closely misses you. The orc priest barely misses you.
You hit the orc priest but do no damage.
The orc priest is poisoned.
The orc priest is moderately wounded.
You block the orc's attack.
The orc priest hits you with a +0 dagger.
You barely miss the orc priest.
You headbutt the orc priest, but do no damage.
The orc priest is moderately wounded.
You block the orc's attack.
The orc priest hits you with a +0 dagger.
You hit the orc priest.
The orc priest is heavily wounded.
The orc closely misses you.
The orc priest hits you with a +0 dagger.
You hit the orc priest.
The orc priest is severely wounded.
The orc hits you with a +0 hand axe. You block the orc priest's attack.
You hit the orc priest.
The orc priest is severely wounded.
The orc priest miscasts a cantrip.
The orc barely misses you.
You hit the orc.
You kill the orc!
The orc priest barely misses you.
You hit the orc priest.
The orc priest is almost dead.
The orc priest calls down the wrath of Beogh upon you.
You barely resist.
You hit the orc priest but do no damage.
The orc priest looks even sicker.
The orc priest is almost dead.
The orc priest hits you with a +0 dagger.
You hit the orc priest but do no damage.
The orc priest is almost dead.
You kill the orc priest!
Items here: )) [ †.
Things that are here:
a +0 dagger; an orc corpse Key pressed, stopping explore.
You see here 28 stones.
You see here a hobgoblin corpse.
Found a robe.
Found an escape hatch in the floor.
You see here 12 stones.
You open the door.
A ball python comes into view.
The ball python hisses angrily.
Found a weird runed staff.
A quokka and a scorpion come into view.
Found a smoking falchion.
There is an open door here.
There are monsters nearby!
Found a ring mail.
The scorpion stings you but does no damage.
There is an open door here.
You hit the ball python.
You kill the ball python!
You closely miss the scorpion. The scorpion barely misses you.
You hit the scorpion.
You headbutt the scorpion, but do no damage.
The scorpion is lightly wounded.
The scorpion stings you.
You are poisoned.
The scorpion poisons you!
You hit the scorpion.
The scorpion is poisoned.
Your headbutt misses the scorpion.
The scorpion is lightly wounded.
You feel sick. The scorpion stings you.
You hit the scorpion but do no damage.
The scorpion looks as sick as possible!
The scorpion is moderately wounded.
You feel sick.
The scorpion stings you but does no damage.
You are too injured to fight recklessly!
You hit the scorpion but do no damage.
The scorpion looks as sick as possible!
The scorpion is moderately wounded.
You feel sick.
The scorpion stings you but does no damage.
You completely miss the scorpion.
The scorpion is heavily wounded.
You feel sick. The scorpion closely misses you.
You hit the scorpion but do no damage.
The scorpion is severely wounded.
You feel sick.
You kill the scorpion!
Your Long Blades skill increases to level 5!
You miss the quokka.
You feel sick.
The quokka bites you but does no damage.
You hit the quokka.
The quokka is lightly wounded.
You feel sick.
The quokka twitches its whiskers.
The quokka bites you.
* * * LOW HITPOINT WARNING * * *
You hit the quokka.
The quokka is almost dead.
You feel sick.
You are no longer poisoned.
The quokka bites you.
* * * LOW HITPOINT WARNING * * *
You closely miss the quokka.
The quokka is almost dead.
The quokka bites you.
* * * LOW HITPOINT WARNING * * *
The quokka bites you.
* * * LOW HITPOINT WARNING * * *
You hit the quokka but do no damage.
The quokka is poisoned.
You headbutt the quokka.
You kill the quokka!
You start resting.
HP restored.
You see here a quokka skeleton.
There is an open door, spattered with blood here.
You see here a ball python skeleton.
You see here a staff of air.
You see here the +4 falchion "Merhigus" {venom, rN++}.
s - the +4 falchion "Merhigus" {venom, rN++} Your +2 dagger of venom stops dripping with poison.
The +4 falchion "Merhigus" {venom, rN++} begins to drip with poison!
s - the +4 falchion "Merhigus" (weapon)
{venom, rN++} Drop what? 19/52 slots (_ for help) (? for menu, Esc to quit)
You drop a +0 long sword.
You drop a +2 dagger of venom.
You start putting on your armour.
You continue putting on your +0 cloak. x4
You finish putting on your +0 cloak.
Done exploring.
Done exploring.
Done exploring.
Done exploring.
Done exploring.
(D) Dungeon
Where to? (Enter - D:4, ? - help)
You see here a ball python skeleton.
There is an open door, spattered with blood here.
You see here a quokka skeleton.
You see here 12 stones.
There is a stone staircase leading down here.
You climb downwards.
Found an encrusted spear, a scroll labelled UHAQ JUKEA and 18 gold pieces.
There is a stone staircase leading up here.
A hound zombie is nearby!
A hound zombie is nearby!
A hound zombie is nearby!
A hound zombie is nearby!
You block the hound zombie's attack.
You slash the hound zombie!
The hound zombie is moderately damaged.
The hound zombie bites you but does no damage.
You hit the hound zombie.
The hound zombie is severely damaged.
The hound zombie closely misses you. You block the hound zombie's attack.
You slash the hound zombie!
The hound zombie is almost destroyed.
The hound zombie bites you.
You slash the hound zombie!
You destroy the hound zombie!
No target in view!
You see here the +12 spear of Light {freeze, Str+5 Dex+3}.
a - the +12 spear of Light {freeze, Str+5 Dex+3} HP restored.
An adder comes into view.
Found a stone staircase leading up.
The adder hisses angrily.
A hound comes into view.
There are monsters nearby!
There are monsters nearby!
The hound barks!
You see here 18 gold pieces.
You slash the adder!
The adder is poisoned.
The adder is heavily wounded.
The adder bites you but does no damage.
You hit the adder.
The adder looks as sick as possible!
The adder is almost dead.
You kill the adder!
You completely miss the hound. The hound bites you.
You hit the hound.
The hound is moderately wounded.
The hound closely misses you. x2
You hit the hound.
The hound is poisoned.
The hound is severely wounded.
The hound bites you. The hound bites you but does no damage.
You barely miss the hound. Your headbutt misses the hound.
The hound is severely wounded.
The hound bites you.
You closely miss the hound.
The hound is severely wounded.
The hound closely misses you. The hound bites you.
A demonic guardian appears!
You barely miss the hound.
The hound is almost dead.
The hound bites you but does no damage.
You hit the hound.
You kill the hound!
You have reached level 6!
Your experience leads to an increase in your attributes!
Increase (S)trength, (I)ntelligence, or (D)exterity?
You feel clever.
Your demonic ancestry asserts itself...
The horns on your head grow some more.
Your iron imp disappears in a puff of smoke!
You now have 187 gold pieces (gained 18).
m - a scroll labelled UHAQ JUKEA You now have enough gold to buy 2 potions of magic on D:3.
You can access your shopping list by pressing '$'.
You now have 193 gold pieces (gained 6).
No target in view!
No target in view!
You open the door.
There is an open door here.
A hound comes into view.
A hound is nearby!
A hound is nearby!
The hound barks!
Found a runed translucent gate.
You miss the hound. Your headbutt misses the hound. The hound bites you.
The hound barely misses you.
You hit the hound.
The hound is heavily wounded.
The hound bites you but does no damage.
You slash the hound!
The hound is poisoned.
The hound is almost dead.
The hound completely misses you. You block the hound's attack.
You slash the hound!
You kill the hound!
No target in view!
Found 16 stones.
r - 3 fizzy pink potions (gained 1)
d - 2 potions of might (gained 1)
Found an opulent altar of Gozag.
t - a scroll labelled RAPUES YKOUR No target in view!
No target in view!
You now have 194 gold pieces (gained 1).
You now have 196 gold pieces (gained 2).
You now have 198 gold pieces (gained 2).
You now have 199 gold pieces (gained 1).
You now have 201 gold pieces (gained 2).
You now have 202 gold pieces (gained 1).
You now have 203 gold pieces (gained 1).
You now have 204 gold pieces (gained 1).
Found a stone staircase leading down.
You open the door.
There is an open door here.
You open the door.
There is an open door here.
Found 13 sling bullets.
Found a weird smoking staff.
No target in view!
No target in view!
An ufetubus comes into view.
The ufetubus shouts!
An ufetubus is nearby!
The ufetubus barely misses you.
The ufetubus hits you but does no damage.
A scorpion comes into view.
You see here a staff of cold.
You miss the ufetubus. Your headbutt misses the ufetubus.
The ufetubus hits you. The ufetubus completely misses you.
The ufetubus hits you but does no damage. x2
You slash the ufetubus!
You kill the ufetubus!
Found a hunting sling.
The scorpion stings you.
You hit the scorpion.
The scorpion is lightly wounded.
The scorpion stings you!
You are poisoned.
The scorpion poisons you! The scorpion stings you.
You hit the scorpion. You headbutt the scorpion.
The scorpion is heavily wounded.
You feel very sick. The scorpion stings you!
* * * LOW HITPOINT WARNING * * *
You are more poisoned.
The scorpion poisons you!
You are too injured to fight recklessly!
* * * LOW HITPOINT WARNING * * *
You feel very sick.
* * * LOW HITPOINT WARNING * * *
You feel very sick.
You feel sick. The scorpion closely misses you.
You feel very sick.
It was a potion of flight.
You feel very buoyant.
You fly up into the air.
You feel sick. The scorpion stings you.
* * * LOW HITPOINT WARNING * * *
A demonic guardian appears!
It was a potion of mutation.
You feel extremely strange.
You feel a strange attunement to the structure of the dungeons.
You feel less in control of your magic.
You feel sick. The scorpion stings you!
You die...

, ##...+.#.# , *.)..#
#...(#...##+####....# ,
#....#..............
#....##............. ,
....##............. ,
..###.............,,
#####....##....###.#
##........##....###.##
...#+###...#...@s..|.#
,#......._......5....+
#...................# ,
* ##.###.####...###..##
###.###.####...###(.###
..>......#......#.....#
.........'......+.....+,
,
##..##.###'##..##..##+#
#..##.###.##..##..# +


You could see a scorpion (ally target) and a friendly shadow imp (summoned).

Vanquished Creatures
  A scorpion (D:4)
  2 hounds (D:5)
  An orc priest (D:4)
  A hound zombie (D:5)
  A hound skeleton (D:4)
  4 gnolls (D:3)
  3 adders
  An ufetubus (D:5)
  A worm (D:3)
  A dart slug (D:2)
  5 orcs
  5 endoplasms
  3 giant cockroaches
  8 goblins
  4 hobgoblins
  4 quokkas
  10 ball pythons
  3 bats
  3 frilled lizards
  6 kobolds
  6 rats
73 creatures vanquished.

Notes
Turn   | Place    | Note
-------+----------+-------------------------------------------
     0 | D:1      | sleeves the Demonspawn Fighter began the quest for the Orb.
     0 | D:1      | Reached XP level 1. HP: 18/18 MP: 1/1
   193 | D:1      | Reached skill level 2 in Long Blades
   520 | D:1      | Gained mutation: You have a pair of small horns on your
                  | head. [demonic ancestry]
   520 | D:1      | Reached XP level 2. HP: 24/24 MP: 2/2
  1178 | D:2      | Reached skill level 3 in Long Blades
  1357 | D:2      | HP: 11/24 [goblin (3)]
  1361 | D:2      | Reached XP level 3. HP: 14/29 MP: 3/3
  1955 | D:3      | Found Kumm's Distillery.
  2022 | D:3      | Gained mutation: Spells you cast may paralyse adjacent
                  | enemies. [demonic ancestry]
  2022 | D:3      | Reached XP level 4. HP: 22/35 MP: 4/4
  2029 | D:3      | Reached skill level 4 in Long Blades
  2030 | D:3      | HP: 10/35 [gnoll (8)]
  2292 | D:3      | HP: 17/35 [poisoned by an adder]
  2298 | D:3      | HP: 10/35 [adder (2)]
  2988 | D:4      | Found Osoposuw's Lightly-Used Armoury.
  3229 | D:4      | Gained mutation: A weak demonic guardian rushes to your
                  | aid. [demonic ancestry]
  3229 | D:4      | Reached XP level 5. HP: 41/41 MP: 5/5
  3330 | D:4      | Reached skill level 3 in Shields
  3608 | D:4      | Reached skill level 5 in Long Blades
  3609 | D:4      | HP: 20/41 [quokka (3)]
  3844 | D:4      | Identified the +4 falchion "Merhigus" {venom, rN++}
  3907 | D:5      | Entered Level 5 of the Dungeon
  3914 | D:5      | Identified the +12 spear of Light {freeze, Str+5 Dex+3}
  3931 | D:5      | Gained mutation: You have a pair of horns on your head.
                  | [demonic ancestry]
  3931 | D:5      | Reached XP level 6. HP: 35/47 MP: 6/6
  4037 | D:5      | Found a runed translucent gate.
  4042 | D:5      | Found a runed translucent gate.
  4043 | D:5      | Found a runed translucent gate.
  4054 | D:5      | Found an opulent altar of Gozag.
  4110 | D:5      | HP: 23/47 [scorpion (8)]
  4114 | D:5      | HP: 11/47 [poisoned by a scorpion]
  4116 | D:5      | Gained mutation: You passively map a small area around you.
                  | [potion of mutation]
  4116 | D:5      | Gained mutation: Your spells are a little harder to cast,
                  | but a little more powerful. [potion of mutation]
  4116 | D:5      | Slain by a scorpion

Illustrated notes

Levels and vault maps discovered:
D:1:      dpeg_arrival_solitude, layout_basic
D:2:      layout_basic
D:3:      layout_rooms, serial_shops, shop, minmay_fractal_squares_gapless_5
D:4:      layout_rooms, minmay_shop_damaged, kennysheep_generic_room_2
D:5:      layout_gridville, nicolae_gozag_seed_capital, kennysheep_mini_moat,
          gammafunk_ghost_icy, uniq_ijyb, uniq_crazy_yiuf_cottage

Skill      XL: |  1  2  3  4  5 |
---------------+----------------+-----
Long Blades    | 2 3 4 5 |  5.3
Shields        | 3 |  3.9
Fighting       | |  3.0
Armour         | |  2.6

Action                   |  1- 3 |  4- 6 || total
-------------------------+-------+-------++-------
Melee: Long sword        |    74 |       ||    74
       Dagger            |    21 |    90 ||   111
       Headbutt          |     2 |    17 ||    19
       Falchion          |       |    21 ||    21
  Use: Potion            |       |     2 ||     2
Armor: Scale mail        |    48 |    31 ||    79
Dodge: Dodged            |    44 |    34 ||    78
Block: Buckler           |    25 |    19 ||    44

Table legend: (Time is in decaauts)
 A = Elapsed time spent in this place.
 B = Non-inter-level travel time spent in this place.
 C = Inter-level travel time spent in this place.
 D = Time resting spent in this place.
 E = Time spent auto-exploring this place.
 F = Levels seen in this place.
 G = Mean time per level.
                   A        B        C        D        E       F      G
               +--------+--------+--------+--------+--------+-----+--------+
         Total |   4124 |   4027 |     97 |    599 |   2880 |   5 |  824.8 |
       Dungeon |   4124 |   4027 |     97 |    599 |   2880 |   5 |  824.8 |
               +--------+--------+--------+--------+--------+-----+--------+

Top non-repeatable levels by time:
     D:1: 1065 daAuts
     D:2: 1044 daAuts
     D:4: 913 daAuts
     D:3: 892 daAuts
     D:5: 210 daAuts
